 Dungeon Sprint DCSS version 0.19-a0-376-gf780d9b (webtiles) character file.

3300000 namelastname112 the Conqueror (level 20, -7/197 HPs)
             Began as a Demonspawn Gladiator on May 30, 2016.
             Was the Champion of Makhleb.
             Mangled by The Servant
             ... wielding a +9 glaive of flaming
              (53 damage)
             ... in the Dungeon (Sprint VIII: "Arena of Blood").
             The game lasted 00:00:56 (33 turns).

namelastname112 the Conqueror (Demonspawn Gladiator)  Turns: 33, Time: 00:00:57

Health: -7/197     AC:  9    Str: 21    XL:     20   Next: 12%
Magic:  35/35      EV: 36    Int: 10    God:    Makhleb [******]
Gold:   0          SH:  0    Dex: 22    Spells: 0 memorised, 41 levels left

rFire  . . .     SeeInvis .     k - +∞ Axe of Woe
rCold  . . .     Gourm    .     a - +0 leather armour
rNeg   . . .     Faith    .     (shield currently unavailable)
rPois  .         Spirit   .     b - +0 helmet
rElec  .         Dismiss  .     (no cloak)
rCorr  .         Reflect  .     (no gloves)
SustAt .         Harm     .     (boots unavailable)
MR     +....     NoTele   +     (no amulet)
Stlth  +++++.....               (no ring)
                                (no ring)

@: mighty, somewhat resistant to hostile enchantments, quite stealthy
A: talons 3, yellow scales 2, powered by pain 2, spiny 3
a: Minor Destruction, Lesser Servant of Makhleb, Major Destruction, Greater
Servant of Makhleb, Renounce Religion


You were in the Dungeon.
You worshipped Makhleb.
Makhleb was exalted by your worship.
You were not hungry.

You visited 1 branch

Inventory:

Hand Weapons
 k - the +∞ Axe of Woe (weapon)
   (You found it in the Dungeon)
Missiles
 c - 3 throwing nets (quivered)
Armour
 a - a +0 leather armour (worn)
 b - a +0 helmet (worn)
Scrolls
 j - a scroll of blinking
Potions
 e - a potion of curing
 f - a potion of heal wounds
 g - a potion of haste
 h - 2 potions of magic
 i - a potion of berserk rage
Comestibles
 d - a bread ration


   Skills:
 O Level 27 Fighting
 O Level 27 Axes
 O Level 27 Throwing
 + Level 11.3 Armour
 O Level 27 Dodging
 + Level 12.2 Stealth
 O Level 27 Unarmed Combat
 + Level 11.3 Spellcasting
 + Level 15.3 Invocations


You had 41 spell levels left.
You didn't know any spells.

Dungeon Overview and Level Annotations

Branches:
Dungeon (1/1)

Altars:
Makhleb

Annotations:
D The Servant


Innate Abilities, Weirdness & Mutations

You have claws for feet.
You are mostly covered in yellow scales. (AC +3)
You sometimes gain power by taking damage.
You are completely covered in sharp spines.


Message History

The fiery explosion engulfs you!
The fiery explosion engulfs the meat berserker.
The fiery explosion engulfs The Servant.
Makhleb accepts your kill.
You feel better.
Your Armour skill gained 2 levels and is now at level 11!
Your Stealth skill gained 2 levels and is now at level 12!
Your Spellcasting skill gained 2 levels and is now at level 11!
Your Invocations skill gained 2 levels and is now at level 15!
You have reached level 20!
You feel stronger.
You are engulfed in roaring flames.
You hear a shout!
You hear a roar!
You hear a shout! x6; You hear a roar!
You hear a shout! x3
The destroyer blinks!
The Servant hits you from afar with a +9 glaive of flaming!!!!
Ouch! That really hurt!
* * * LOW HITPOINT WARNING * * *
You focus on the pain.
You feel your power returning. The Servant burns you!!!
You die...

%.... .. #...
.# . #%C. ..#
..###.O. ..###.
....%%###%.....
..V§§_..%C..
#§§.O.# #@O<._#
#)V@§.#
....._......
....oO###......
..###..o ..###.
. #... ..# #..o
.# ....O ..


You could see The Servant, 2 destroyers, 2 large bags of meat, 5 meat berserkers
and 3 bags of meat.

Vanquished Creatures
  5 ogres (D)
  14 orcs (D)
  3 hill giants (D)
22 creatures vanquished.

Notes
Turn   | Place    | Note
--------------------------------------------------------------
     0 | D        | namelastname112 the Demonspawn Gladiator began the quest for the Orb.
     0 | D        | Reached XP level 1. HP: 16/16 MP: 1/1
     4 | D        | Became a worshipper of Makhleb the Destroyer
     5 | D        | Noticed a meat berserker
     7 | D        | Noticed a bag of meat
     9 | D        | Noticed a bag of meat
     9 | D        | Killed a meat berserker
     9 | D        | Reached skill level 15 in Axes
     9 | D        | Reached skill level 15 in Throwing
     9 | D        | Reached skill level 15 in Dodging
     9 | D        | Gained mutation: You have sharp toenails. [demonic ancestry]
     9 | D        | Reached XP level 2. HP: 46/46 MP: 2/2
     9 | D        | Reached XP level 3. HP: 52/52 MP: 3/3
     9 | D        | Reached XP level 4. HP: 59/59 MP: 4/4
     9 | D        | Gained mutation: You sometimes gain a little power by taking damage. [demonic ancestry]
     9 | D        | Reached XP level 5. HP: 66/66 MP: 5/5
     9 | D        | Reached XP level 6. HP: 73/73 MP: 6/6
     9 | D        | Gained mutation: You are partially covered in sharp spines. [demonic ancestry]
     9 | D        | Reached XP level 7. HP: 79/79 MP: 7/7
     9 | D        | Reached XP level 8. HP: 86/86 MP: 8/8
     9 | D        | Reached XP level 9. HP: 92/92 MP: 9/9
     9 | D        | Gained mutation: You are partially covered in yellow scales. (AC +2) [demonic ancestry]
     9 | D        | Reached XP level 10. HP: 100/100 MP: 10/10
     9 | D        | Gained mutation: You are mostly covered in sharp spines. [demonic ancestry]
     9 | D        | Reached XP level 11. HP: 106/106 MP: 11/11
     9 | D        | Reached XP level 12. HP: 113/113 MP: 12/12
     9 | D        | Gained mutation: You have razor-sharp toenails. [demonic ancestry]
     9 | D        | Reached XP level 13. HP: 119/119 MP: 13/13
    11 | D        | Noticed a meat berserker
    11 | D        | Noticed a meat berserker
    11 | D        | Noticed a bag of meat
    12 | D        | Noticed a bag of meat
    12 | D        | Killed a bag of meat
    12 | D        | Reached * piety under Makhleb
    13 | D        | Noticed a large bag of meat
    13 | D        | Noticed a bag of meat
    13 | D        | Killed a meat berserker
    13 | D        | Reached XP level 14. HP: 136/136 MP: 14/14
    14 | D        | Noticed a bag of meat
    14 | D        | Killed a meat berserker
    14 | D        | Reached ** piety under Makhleb
    14 | D        | Gained mutation: You are completely covered in sharp spines. [demonic ancestry]
    14 | D        | Reached XP level 15. HP: 146/146 MP: 15/15
    15 | D        | Noticed a meat berserker
    16 | D        | Reached *** piety under Makhleb
    16 | D        | Gained mutation: You have claws for feet. [demonic ancestry]
    16 | D        | Reached XP level 16. HP: 157/157 MP: 16/16
    17 | D        | Noticed a large bag of meat
    18 | D        | Noticed a meat berserker
    19 | D        | Killed a meat berserker
    20 | D        | Killed a large bag of meat
    20 | D        | Reached **** piety under Makhleb
    20 | D        | Gained mutation: You are mostly covered in yellow scales. (AC +3) [demonic ancestry]
    20 | D        | Reached XP level 17. HP: 169/169 MP: 17/17
    21 | D        | Reached skill level 27 in Fighting
    22 | D        | Reached ***** piety under Makhleb
    22 | D        | Gained mutation: You sometimes gain power by taking damage. [demonic ancestry]
    22 | D        | Reached XP level 18. HP: 182/182 MP: 18/18
    22 | D        | Reached skill level 27 in Axes
    22 | D        | Reached skill level 27 in Throwing
    22 | D        | Reached skill level 27 in Dodging
    24 | D        | Killed a large bag of meat
    24 | D        | Killed a meat berserker
    24 | D        | Reached XP level 19. HP: 189/189 MP: 19/19
    25 | D        | Reached ****** piety under Makhleb
    27 | D        | Reached skill level 27 in Unarmed Combat
    29 | D        | Noticed a large bag of meat
    29 | D        | Noticed The Servant
    30 | D        | Noticed a meat berserker
    31 | D        | Noticed a meat berserker
    31 | D        | Noticed a meat berserker
    31 | D        | Noticed a destroyer
    31 | D        | jacquesderrida: MEET
    31 | D        | Reached skill level 10 in Stealth
    32 | D        | Noticed a meat berserker
    32 | D        | Noticed a large bag of meat
    33 | D        | Noticed a large bag of meat
    33 | D        | Noticed a large bag of meat
    33 | D        | Killed a large bag of meat
    33 | D        | Reached skill level 15 in Invocations
    33 | D        | Reached XP level 20. HP: 181/197 MP: 31/35
    33 | D        | Mangled by The Servant

Vault maps used:
D:        meatsprint

Skill      XL: |  1  2  3  4  5  6  7  8  9 10 11 12 13 14 15 16 17 18 19 |
---------------+----------------------------------------------------------+-----
Fighting       | 16 20 22 23 25 27 | 27.0
Axes           | 15 18 20 21 23 25 27 | 27.0
Throwing       | 15 19 20 22 23 25 27 | 27.0
Dodging        | 15 19 20 22 23 26 27 | 27.0
Unarmed Combat | 21 27 | 27.0
Armour         | 11 | 11.3
Stealth        | 12 | 12.2
Spellcasting   | 11 | 11.3
Invocations    | 15 | 15.3

Action                   |  1- 3 |  4- 6 |  7- 9 | 10-12 | 13-15 | 16-18 | 19-21 || total
-------------------------+-------+-------+-------+-------+-------+-------+-------++-------
Melee: Executioner's axe |     1 |       |       |       |     5 |     5 |     5 ||    16
